 Dungeon Crawl Stone Soup version 0.20.1-1-g8b1a95d (webtiles) character file.

452 dmj the Skirmisher (level 6, -17/56 HPs)
             Began as a Minotaur Fighter on July 30, 2017.
             Demolished by an ogre
             ... wielding a +0 giant club
              (23 damage)
             ... on level 5 of the Dungeon.
             The game lasted 00:16:19 (2895 turns).

dmj the Skirmisher (Minotaur Fighter)               Turns: 2895, Time: 00:16:20

Health: -17/56     AC:  9    Str: 23    XL:     6   Next: 75%
Magic:  5/5        EV: 10    Int:  5    God:
Gold:   207        SH:  4    Dex:  9    Spells: 5/5 levels left

rFire    . . .     SeeInvis .   y - +3 short sword (elec)
rCold    . . .     Gourm    .   x - +0 buckler
rNeg     . . .     Faith    .   b - +0 scale mail
rPois    +         Spirit   .   (helmet restricted)
rElec    .         Reflect  .   H - +0 cloak
rCorr    .         Harm     .   q - +0 pair of gloves
MR       .....                  (no boots)
Stlth    ..........             L - amulet of rage
Regen    0.2/turn               m - ring of poison resistance
MPRegen  0.1/turn               (no ring)

@: no status effects
A: retaliatory headbutt, horns 2
a: Evoke Berserk Rage


You were on level 5 of the Dungeon.
You were hungry.

You visited 1 branch of the dungeon, and saw 5 of its levels.

You collected 207 gold pieces.

Inventory:

Hand Weapons
 a - a +0 long sword
 k - a +0 mace
 o - a +0 hand axe
 v - a +0 hand axe
 w - a +0 hand axe
 y - a +3 short sword of electrocution (weapon)
 A - a +4 quarterstaff of chaos
 F - a +0 halberd
 I - a +1 dagger of venom
 J - a +0 mace of protection
Missiles
 e - 5 poisoned needles
 g - 55 arrows
 h - 7 needles of sleeping
 u - 58 bolts
 D - 7 tomahawks (quivered)
Armour
 b - a +0 scale mail (worn)
 c - a +0 shield
 q - a +0 pair of gloves (worn)
 x - a +0 buckler (worn)
 E - a +0 pair of gloves
 H - a +0 cloak (worn)
 K - a +0 animal skin
 N - a cursed +0 buckler
Jewellery
 m - a ring of poison resistance (left hand)
 L - an amulet of rage (around neck)
 O - a +2 amulet of reflection {unknown}
Wands
 P - a wand of paralysis (19/24)
Scrolls
 n - a scroll of magic mapping
 r - 2 scrolls of remove curse
 z - 6 scrolls of identify
 B - a scroll of fear
Potions
 d - a potion of might
 i - a potion of agility {unknown}
 j - 3 potions of degeneration {unknown}
 l - 2 potions of invisibility {unknown}
 p - a potion of brilliance {unknown}
 t - 2 potions of ambrosia {unknown}
 C - a potion of lignification {unknown}
 G - 2 potions of haste {unknown}
Books
 M - a book of Maledictions

   Spells                             Type                      Level
   a - Corona                         Hexes                        1
   b - Ensorcelled Hibernation        Hexes/Ice                    2
   c - Confuse                        Hexes                        3
   d - Tukima's Dance                 Hexes                        3
   e - Dazzling Spray                 Conjuration/Hexes            3
Comestibles
 f - 3 bread rations
 s - 2 royal jellies


   Skills:
 + Level 5.3 Fighting
 + Level 3.8(4.2) Short Blades
 + Level 2.8(3.9) Long Blades
 + Level 5.3 Armour
 + Level 2.2 Dodging
 + Level 0.5 Stealth
 + Level 4.6 Shields


You had 5 spell levels left.
You didn't know any spells.

Dungeon Overview and Level Annotations

Branches:
Dungeon (5/15)
 Temple: D:4-7

Altars:
Cheibriados
Kikubaaqudgha
Ru
Uskayaw
Vehumet
Xom


Innate Abilities, Weirdness & Mutations

You reflexively headbutt those who attack you in melee.
You have a pair of horns on your head.


Message History

You see here a scroll of remove curse.
r - 2 scrolls of remove curse (gained 1)
The gnoll hits you but does no damage. The ogre hits you with a giant club!
You block the gnoll's attack.
A gnoll comes into view.
The gnoll shouts!
The ogre hits you with a giant club! The gnoll hits you but does no damage.
You block the gnoll's attack.
You hit the ogre.
The ogre is lightly wounded.
The gnoll barely misses you. The ogre hits you with a giant club!!
* * * LOW HITPOINT WARNING * * *
The gnoll shaman calls upon its god to speed up the gnoll.
The gnoll seems to speed up.
You barely miss the ogre.
The ogre is lightly wounded.
The gnoll hits you from afar with a spear.
* * * LOW HITPOINT WARNING * * *
The gnoll hits you but does no damage. The ogre hits you with a giant club!!
You die...

#...............# #..
#...............# ##..
#.............#
####...
#.............#
###......
#............#
####......#.
#.........#
###.....######
##.......#####....####
# ##.....g##....####
###..ggO@.####
#..gg#### .....####
...#### ..# # # # #.
#.


You could see an ogre, a gnoll shaman and 4 gnolls.

Vanquished Creatures
  The ghost of Frank the Cutter, an amateur OpMo (D:3)
  A scorpion (D:5)
  Crazy Yiuf (D:3)
  A hound (D:4)
  A bullfrog skeleton (D:4)
  Natasha (D:2)
  2 worker ants (D:4)
  Robin (D:3)
  3 gnolls (D:2)
  5 adders
  3 worms
  10 goblins
  10 hobgoblins
  10 jackals
  2 quokkas (D:2)
  A ball python (D:2)
  6 bats
  A frilled lizard (D:2)
  5 kobolds
  A quokka skeleton (D:4)
  5 rats
71 creatures vanquished.

Notes
Turn   | Place    | Note
-------+----------+-------------------------------------------
     0 | D:1      | dmj the Minotaur Fighter began the quest for the Orb.
     0 | D:1      | Reached XP level 1. HP: 19/19 MP: 0/0
   609 | D:1      | Reached XP level 2. HP: 26/27 MP: 1/1
  1006 | D:2      | Reached XP level 3. HP: 7/33 MP: 2/2
  1357 | D:2      | Reached skill level 1 in Short Blades
  1361 | D:2      | Reached XP level 4. HP: 29/41 MP: 3/3
  1707 | D:2      | Noticed Natasha
  1712 | D:2      | Killed Natasha
  1712 | D:2      | Reached skill level 1 in Dodging
  1871 | D:3      | Found a hide-covered altar of Uskayaw.
  1892 | D:3      | Found an ancient bone altar of Kikubaaqudgha.
  1928 | D:3      | Found a radiant altar of Vehumet.
  1939 | D:3      | Found a sacrificial altar of Ru.
  1977 | D:3      | Found a snail-covered altar of Cheibriados.
  2029 | D:3      | Reached XP level 5. HP: 45/47 MP: 4/4
  2114 | D:3      | Noticed Robin
  2139 | D:3      | Killed Robin
  2240 | D:3      | Noticed Frank's ghost (amateur OpMo)
  2246 | D:3      | Killed Frank's ghost
  2289 | D:3      | Found a runed door.
  2293 | D:3      | Noticed Crazy Yiuf
  2296 | D:3      | Killed Crazy Yiuf
  2296 | D:3      | Reached XP level 6. HP: 51/55 MP: 5/5
  2554 | D:4      | Reached skill level 5 in Armour
  2691 | D:4      | Reached skill level 5 in Fighting
  2764 | D:4      | Found a shimmering altar of Xom.
  2765 | D:4      | Found a shimmering altar of Xom.
  2766 | D:4      | Found a shimmering altar of Xom.
  2769 | D:4      | Found a shimmering altar of Xom.
  2774 | D:4      | You fall through a shaft!
  2774 | D:5      | Entered Level 5 of the Dungeon
  2824 | D:5      | Found a radiant altar of Vehumet.
  2895 | D:5      | Demolished by an ogre

Skill      XL: |  1  2  3  4  5  6 |
---------------+-------------------+-----
Shields        | 4 |  4.6
Fighting       | 4 5 |  5.3
Armour         | 4 5 |  5.3
Short Blades   | 1 3 |  3.8
Dodging        | 1 2 |  2.2
Long Blades    | |  2.8
Stealth        | |  0.5

Action                   |  1- 3 |  4- 6 || total
-------------------------+-------+-------++-------
Melee: Long sword        |    11 |       ||    11
       Short sword       |    46 |    94 ||   140
       Headbutt          |     1 |    14 ||    15
  Use: Scroll            |     4 |     4 ||     8
  Eat: Bread ration      |     1 |       ||     1
       Chunk             |       |     1 ||     1
Armor: Scale mail        |    37 |    40 ||    77
Dodge: Dodged            |    30 |    42 ||    72
Block: Shield            |     6 |       ||     6
       Buckler           |    11 |    21 ||    32
       Rpst.: Long sword |     3 |       ||     3
